 Dungeon Crawl Stone Soup version 0.27.0-1-g7a089689b8 (webtiles) character file.

Game seed: 13481925718576400504

290 MrDassem the Ruffian (level 6, 0/51 HPs)
             Began as a Minotaur Fighter on Aug 14, 2021.
             Slain by a kobold brigand (5 damage)
             ... in a sewer.
             The game lasted 00:04:28 (2968 turns).

MrDassem the Ruffian (Minotaur Fighter)             Turns: 2968, Time: 00:04:29

Health: 0/51       AC:  6    Str: 22    XL:     6   Next: 9%
Magic:  5/5        EV:  7    Int:  5    God:
Gold:   40         SH: 14    Dex: 10    Spells: 5/5 levels left

rFire    . . .     SeeInvis .     - Unarmed
rCold    . . .     Faith    .   b - +0 kite shield
rNeg     . . .     Spirit   .   a - +0 scale mail
rPois    .         Reflect  +   (helmet restricted)
rElec    .         Harm     .   (no cloak)
rCorr    .         Rampage  .   (no gloves)
Will     .....                  (no boots)
Stlth    ..........             j - amulet of reflection
HPRegen  0.17/turn              (no ring)
MPRegen  0.09/turn              (no ring)

@: hasted, slow
A: horns 2, retaliatory headbutt
a: no special abilities


You were in a sewer.
You visited 1 branch of the dungeon, and saw 3 of its levels.
You also visited: Sewer.

You collected 40 gold pieces.

Inventory:

Armour
 a - a +0 scale mail (worn)
 b - a +0 kite shield (worn)
Jewellery
 j - an amulet of reflection (around neck)
Wands
 n - a wand of flame (10)
Scrolls
 d - a scroll of identify {unknown}
 e - 3 scrolls of enchant armour {unknown}
 f - 2 scrolls of vulnerability {unknown}
 g - a scroll of amnesia {unknown}
 h - a scroll of fear {unknown}
 k - 2 scrolls of enchant weapon {unknown}
 m - 2 scrolls of torment {unknown}
Potions
 c - a potion of might
 i - 2 potions of flight {unknown}
 l - a potion of haste


   Skills:
 - Level 3.6 Fighting
 - Level 3.6 Armour
 - Level 3.6 Shields
 * Level 7.1 Unarmed Combat


You had 5 spell levels left.
You didn't know any spells.
Your spell library was empty.

Dungeon Overview and Level Annotations

Branches:
Dungeon (3/15)              Sewer (1/1)

Altars:


Innate Abilities, Weirdness & Mutations

You have a pair of horns on your head.
You reflexively headbutt those who attack you in melee.


Message History

Your Unarmed Combat skill increases to level 7!
You have reached level 6!
Your experience leads to an increase in your attributes!
Increase (S)trength, (I)ntelligence, or (D)exterity?
You feel stronger.
Your unstable footing causes you to fumble your attack.
The kobold brigand splashes around in the water.
Your unstable footing causes you to fumble your attack.
The kobold brigand splashes around in the water.
You closely miss the kobold brigand.
The kobold brigand splashes around in the water.
You hit the kobold brigand.
Your headbutt misses the kobold brigand.
The kobold brigand is lightly wounded.
The kobold brigand splashes around in the water.
You closely miss the kobold brigand.
Your headbutt misses the kobold brigand.
The kobold brigand is lightly wounded.
The kobold brigand hits you with a +0 short sword.
* * * LOW HITPOINT WARNING * * *
You block the kobold brigand's attack.
It was a potion of haste.
You feel yourself speed up.
The kobold brigand hits you with a +0 short sword.
* * * LOW HITPOINT WARNING * * *
You punch the kobold brigand!
The kobold brigand is heavily wounded.
Your unstable footing causes you to fumble your attack.
The kobold brigand splashes around in the water.
You hit the kobold brigand.
Your headbutt misses the kobold brigand.
The kobold brigand is severely wounded.
The kobold brigand splashes around in the water.
You closely miss the kobold brigand.
Your headbutt misses the kobold brigand.
The kobold brigand is severely wounded.
You hit the kobold brigand.
Your headbutt misses the kobold brigand.
The kobold brigand is severely wounded.
The kobold brigand hits you with a +0 short sword.
You die...

#≈≈.##
##.≈.#
#.≈.#
#.≈≈#
#≈..#
#≈≈.#
##≈≈≈##
##...#
#≈≈.≈≈#
#.≈≈≈≈
#≈###≈#
#≈###.
#≈# #≈#
#.# #≈
##≈###≈#
##≈###≈
#.@≈#≈≈≈
#≈≈≈#..
#K#)#≈#≈
#≈#≈#)#
#≈ ≈#≈
≈#
#≈#≈#≈#
#≈ ≈#≈
≈#
#≈#≈#≈#
#. .#
#.#.#.#
## ##
#######


You could see a kobold brigand.

Vanquished Creatures
  3 kobold brigands (Sewer)
  3 adders
  3 river rats (D:3)
  3 worms (Sewer)
  3 endoplasms
  2 giant cockroaches
  4 goblins
  4 hobgoblins
  A quokka (D:1)
  10 ball pythons
  4 bats
  2 frilled lizards (D:3)
  5 kobolds
  8 rats
55 creatures vanquished.

Notes
Turn   | Place    | Note
-------+----------+-------------------------------------------
     0 | D:1      | MrDassem the Minotaur Fighter began the quest for the Orb.
     0 | D:1      | Reached XP level 1. HP: 19/19 MP: 0/0
   951 | D:1      | Reached skill level 3 in Unarmed Combat
   979 | D:1      | Reached XP level 2. HP: 26/26 MP: 1/1
  1068 | D:1      | Found a faded altar of an unknown god.
  1514 | D:2      | Reached XP level 3. HP: 13/31 MP: 2/2
  1520 | D:2      | Reached skill level 4 in Unarmed Combat
  2271 | D:3      | Reached XP level 4. HP: 21/39 MP: 3/3
  2273 | D:3      | Reached skill level 5 in Unarmed Combat
  2280 | D:3      | Found a glowing drain.
  2293 | Sewer    | Entered a sewer
  2511 | Sewer    | Noticed a kobold brigand
  2524 | Sewer    | Killed a kobold brigand
  2525 | Sewer    | Reached skill level 6 in Unarmed Combat
  2525 | Sewer    | Reached XP level 5. HP: 35/45 MP: 4/4
  2958 | Sewer    | Reached skill level 7 in Unarmed Combat
  2958 | Sewer    | Reached XP level 6. HP: 11/51 MP: 5/5
  2968 | Sewer    | Slain by a kobold brigand

Illustrated notes

Levels and vault maps discovered:
D:1:      elethiomel_arrival_maze, layout_loops_corners,
          ebering_ecumenical_altar_rust, dk_noncrumbling_4
D:2:      layout_rooms
D:3:      layout_rooms, kennysheep_okawaru_gauntlet, portal_sewer_entry_e,
          serial_rivers, chequers_serial_rivers_micro_d,
          chequers_serial_rivers_small_b, chequers_serial_rivers_micro_d,
          chequers_serial_rivers_large_a, hangedman_decor_opposing, uniq_jessica
Sewer:    sewer_co_tree

Skill      XL: |  1  2  3  4  5 |
---------------+----------------+-----
Unarmed Combat | 3 4 6 7 |  7.1
Fighting       | |  3.6
Armour         | |  3.6
Shields        | |  3.6

Action                   |  1- 3 |  4- 6 || total
-------------------------+-------+-------++-------
Melee: Unarmed           |   110 |    87 ||   197
       Headbutt          |    12 |    10 ||    22
  Use: Potion            |       |     1 ||     1
Armor: Scale mail        |    33 |    18 ||    51
Dodge: Dodged            |    32 |    10 ||    42
Block: Kite shield       |    66 |    54 ||   120
       Reflection        |     1 |     3 ||     4
